 Dungeon Crawl Stone Soup version 0.19.5 (webtiles) character file.

31 Agrougrou the Shield-Bearer (level 3, 27/29 HPs)
             Began as a Demonspawn Fighter on Mar 3, 2017.
             Quit the game on level 2 of the Dungeon.
             The game lasted 00:02:57 (1039 turns).

Agrougrou the Shield-Bearer (Demonspawn Fighter)    Turns: 1039, Time: 00:02:57

Health: 27/29      AC: 11    Str: 17    XL:     3   Next: 7%
Magic:  3/3        EV:  4    Int:  9    God:
Gold:   30         SH:  9    Dex: 12    Spells: 0 memorised, 2 levels left

rFire  . . .     SeeInvis .     a - +0 flail
rCold  . . .     Gourm    .     g - +0 chain mail
rNeg   . . .     Faith    .     c - +0 shield
rPois  .         Spirit   .     (no helmet)
rElec  .         Reflect  .     (no cloak)
rCorr  .         Harm     .     (no gloves)
MR     .....                    (no boots)
Stlth  ..........               (no amulet)
                                (no ring)
                                (no ring)

@: no status effects
A: yellow scales 1, spiny 1
a: no special abilities


You were on level 2 of the Dungeon.
You were not hungry.

You visited 1 branch of the dungeon, and saw 2 of its levels.

You collected 30 gold pieces.

Inventory:

Hand Weapons
 a - a +0 flail (weapon)
Armour
 b - a +0 scale mail
 c - a +0 shield (worn)
 g - a +0 chain mail (worn)
Scrolls
 e - a scroll of remove curse {unknown}
 h - a scroll of enchant armour {unknown}
 i - a scroll of fog {unknown}
 j - 2 scrolls of identify {unknown}
Potions
 d - a potion of might
 m - 2 potions of haste {unknown}
 n - 2 potions of heal wounds {unknown}
Comestibles
 f - a bread ration
 k - 2 meat rations
 l - 6 chunks of flesh
 o - a beef jerky


   Skills:
 + Level 3.1 Fighting
 + Level 2.3 Maces & Flails
 + Level 2.8 Armour
 + Level 0.1 Dodging
 + Level 3.2 Shields


You had 2 spell levels left.
You didn't know any spells.

Dungeon Overview and Level Annotations

Branches:
Dungeon (2/15)

Altars:


Innate Abilities, Weirdness & Mutations

You are partially covered in yellow scales. (AC +2)
You are partially covered in sharp spines.


Message History

The adder bites you but does no damage.
You closely miss the adder. The adder barely misses you. The adder bites you.
You miss the adder. The adder bites you but does no damage.
The adder barely misses you.
Your shield and chain mail prevent you from hitting the adder.
The adder bites you but does no damage.
You miss the adder.
The adder bites you but does no damage. x2
The adder bites you. The adder bites you but does no damage.
You hit the adder.
The adder is heavily wounded.
You block the adder's attack.
You sock the adder!
You kill the adder!
You have reached level 3!
Your experience leads to an increase in your attributes!
Increase (S)trength, (I)ntelligence, or (D)exterity?
You feel stronger.
Your demonic ancestry asserts itself...
Sharp spines emerge from parts of your body.
Are you sure you want to abandon this character and quit the game? (Confirm with "yes".)

....####.....≈≈≈≈..
###....#....8≈≈≈≈..
.......#.w...≈≈≈≈..
#................
#..#####..........#
##.w# #...........#
#...####...........#
#.#.#..............#
#.#@..##...).......#
#.##................
.....................
.##..................
.....#...#.##..####..
......>....##.## ##.
....###.....##.. #.
..#.........##..# #.
# ...........## #.


You could see a worm.

Vanquished Creatures
  An adder (D:2)
  A dart slug (D:2)
  A giant cockroach (D:1)
  2 goblins (D:2)
  A hobgoblin (D:1)
  3 kobolds (D:1)
  5 bats
  3 frilled lizards
  5 rats (D:1)
22 creatures vanquished.

Notes
Turn   | Place    | Note
-------+----------+-------------------------------------------
     0 | D:1      | Agrougrou the Demonspawn Fighter began the quest for the Orb.
     0 | D:1      | Reached XP level 1. HP: 18/18 MP: 1/1
   498 | D:1      | Gained mutation: You are partially covered in yellow scales. (AC +2) [demonic ancestry]
   498 | D:1      | Reached XP level 2. HP: 23/24 MP: 2/2
  1038 | D:2      | Gained mutation: You are partially covered in sharp spines. [demonic ancestry]
  1038 | D:2      | Reached XP level 3. HP: 26/29 MP: 3/3
  1039 | D:2      | Quit the game

Skill      XL: |  1  2 |
---------------+-------+-----
Shields        | 3 |  3.2
Maces & Flails | 2 |  2.3
Fighting       | |  3.1
Armour         | |  2.8
Dodging        | |  0.1

Action                   || total
-------------------------++-------
Melee: Flail             ||   128
  Eat: Chunk             ||     1
Armor: Scale mail        ||    64
       Chain mail        ||    81
Dodge: Dodged            ||    71
Block: Shield            ||   116
